 Dungeon Crawl Stone Soup version 0.28.0-43-g3370ac3207 (console) character file.

Game seed: 478716997644510351

16186 Zeor the Thaumaturge (level 12, -1/62 HPs)
             Began as a Vine Stalker Venom Mage on Mar 29, 2022.
             Was an Elder of Wu Jian.
             Slain by a komodo dragon (11 damage)
             ... on level 2 of the Lair of Beasts.
             The game lasted 01:09:01 (13901 turns).

Zeor the Thaumaturge (Vine Stalker Venom Mage)     Turns: 13901, Time: 01:09:03

Health: -1/62      AC: 16    Str: 12    XL:     12   Next: 34%
Magic:  0/27       EV: 14    Int: 19    God:    Wu Jian [****..]
Gold:   368        SH:  0    Dex: 15    Spells: 16/32 levels left

rFire   . . .      SeeInvis .   b - +0 rapier (venom)
rCold   . . .      Faith    .   (no shield)
rNeg    . . .      Spirit   +   f - +1 robe
rPois   +          Reflect  .   h - +2 helmet
rElec   .          Harm     .   k - +1 cloak
rCorr   .          Rampage  .   H - +2 pair of gloves
Will    +....                   J - +0 pair of boots
Stlth   +++++.....              (no amulet)
HPRegen 1.00/turn               e - +4 ring of protection
MPRegen 0.20/turn               z - ring of poison resistance

@: marked
A: fangs 3, regeneration 1, magic shield, antimagic bite, no potion heal 2
a: Renounce Religion, Wall Jump, Serpent's Lash


You were on level 2 of the Lair of Beasts.
You worshipped Wu Jian.
Wu Jian was greatly pleased with you.
You visited 3 branches of the dungeon, and saw 14 of its levels.

You collected 702 gold pieces.
You spent 334 gold pieces at shops.

Inventory:

Hand Weapons
 a - a +1 dagger
 b - a +0 rapier of venom (weapon)
 F - a +0 short sword
 K - a +0 rapier
Missiles
 d - 95 bolts
 j - 147 arrows
 r - 9 throwing nets
 N - 3 curare-tipped darts
Armour
 f - a +1 robe (worn)
 h - a +2 helmet (worn)
 k - a +1 cloak (worn)
 H - a +2 pair of gloves (worn)
 J - a +0 pair of boots (worn)
Magical Staves
 m - a staff of fire
 P - a staff of cold
Jewellery
 e - a +4 ring of protection (left hand)
 p - a ring of positive energy
 z - a ring of poison resistance (right hand)
Wands
 x - a wand of mindburst (13)
 y - a wand of paralysis (13)
 D - a wand of flame (30)
 M - a wand of polymorph (7)
 Q - a wand of iceblast (3)
Scrolls
 g - 3 scrolls of teleportation
 l - a scroll of holy word
 n - 2 scrolls of magic mapping
 o - 4 scrolls of immolation
 q - 2 scrolls of enchant armour
 s - 3 scrolls of amnesia
 t - 2 scrolls of blinking
 B - a scroll of vulnerability
 C - 3 scrolls of fog
 G - 3 scrolls of silence
 I - 3 scrolls of identify
Potions
 c - 4 potions of flight
 i - 4 potions of mutation
 u - 3 potions of curing
 v - a potion of might
 w - 4 potions of brilliance
 A - 2 potions of attraction
 E - a potion of magic
 L - a potion of cancellation
 O - a potion of ambrosia
 R - a potion of resistance


   Skills:
 * Level 6.4 Fighting
 + Level 5.8 Short Blades
 + Level 0.4 Throwing
 * Level 5.3 Dodging
 + Level 10.5 Stealth
 * Level 10.6 Spellcasting
 + Level 1.5 Conjurations
 + Level 1.2 Hexes
 + Level 2.8 Transmutations
 + Level 3.4 Air Magic
 + Level 8.9 Poison Magic


You had 16 spell levels left.
You knew the following spells:

 Your Spells              Type           Power      Damage    Failure   Level
a - Sting                 Tmut/Pois      100%       1d8       1%          1
b - Poisonous Vapours     Pois/Air       66%        N/A       1%          2
c - Mephitic Cloud        Conj/Pois/Air  27%        N/A       3%          3
d - Olgreb's Toxic Radia  Pois           44%        N/A       1%          4
e - Confusing Touch       Hex            14%        N/A       12%         3
f - Dazzling Flash        Conj/Hex       30%        N/A       12%         3

Your spell library contained the following spells:

 Spells                   Type           Power      Damage    Failure   Level
 Summon Small Mammal      Summ           40%        N/A       7%          1
 Portal Projectile        Hex/Tloc       24%        N/A       16%         3
 Summon Guardian Golem    Hex/Summ       12%        N/A       16%         3
 Call Canine Familiar     Summ           10%        N/A       22%         3
 Fulminant Prism          Conj/Hex       7%         3d7       36%         4
 Iskenderun's Mystic Bla  Conj/Tloc      13%        2d5       45%         4
 Lee's Rapid Deconstruct  Erth           5%         3d7*      89%         5
 Discord                  Hex            7%         N/A       100%        8


Dungeon Overview and Level Annotations

Branches:
Dungeon (10/15)            Temple (1/1) D:4            Lair (3/6) D:9
  Snake (0/4) Lair:2
  Swamp: Lair:2-4    Shoals: Lair:2-4       Orc: D:9-12

Altars:
Dithmenos
Elyvilon
Fedhas
Gozag
Kikubaaqudgha
Makhleb
Nemelex Xobeh
Okawaru
Qazlal
Ru
Sif Muna
Uskayaw
Vehumet
Wu Jian
Xom
Zin

Shops:
D:1 (!*   D:3 *   D:5 [(=*   D:8 !

Annotations:
D:3 2 transporters
D:6 1 runed translucent door, Crazy Yiuf
D:7 1 runed translucent door, Zeor's ghost, novice GrVM
Lair:3 1 runed translucent door, Feulaj's ghost, journeyman MiBe


Innate Abilities, Weirdness & Mutations

You have razor-sharp teeth.
Your natural rate of healing is unusually fast.
When hurt, damage is shared between your health and your magic reserves.
Your bite disrupts and absorbs the magic of your enemies.
Potions cannot restore your health.


Message History

The wolf looks even sicker.
The wolf looks as sick as possible! x2
The elephant looks even sicker.
The elephant looks as sick as possible!
The elephant looks even sicker.
The elephant looks as sick as possible!
The yak looks even sicker. x2; The hell rat looks even sicker.
You kill the hell rat!
The Council accepts your kill.
The komodo dragon looks as sick as possible!
The wolf looks as sick as possible! x2
You kill the wolf!
The Council accepts your kill. The wolf bites you but does no damage.
A yak comes into view.
The wolf bites you.
* * * LOW HITPOINT WARNING * * *
The yak is poisoned.
The elephant looks even sicker.
The elephant looks as sick as possible!
The basilisk looks as sick as possible! x2
You kill the hell rat!
The Council accepts your kill.
The hell rat is poisoned.
The komodo dragon looks as sick as possible!
You kill the wolf!
The Council accepts your kill.
You kill the wolf!
The Council accepts your kill.
You kill the wolf!
The Council accepts your kill. The elephant barely misses you.
The elephant closely misses you. The black mamba barely misses you.
The komodo dragon bites you!
* * * LOW HITPOINT WARNING * * *
You climb upwards.
The komodo dragon looks as sick as possible!
The elephant looks as sick as possible!
There is a stone staircase leading down here.
You spin and attack the komodo dragon.
You hit the komodo dragon.
The komodo dragon looks as sick as possible!
The komodo dragon is heavily wounded.
The elephant looks as sick as possible!
Your toxic aura wanes.
The komodo dragon bites you!
You die...

▒∙▒∙∙∙∙∙∙∙∙∙∙∙∙∙∙▒ ▒▒▒▒
▒▒▒∙∙∙∙∙∙∙∙∙∙∙∙∙∙∙▒ ▒∙∙▒▒
▒∙∙∙∙∙∙∙∙∙∙∙∙∙∙∙∙∙▒ ▒∙∙∙▒▒▒
▒▒▒▒∙∙∙∙∙∙∙∙∙∙∙∙∙∙∙∙∙▒ ▒∙∙∙∙▒∙
▒P∙∙∙∙∙)∙∙∙∙∙∙∙∙∙∙∙∙∙▒ ▒∙∙∙∙∙▒
▒∙∙∙∙∙>∙∙∙∙∙∙∙∙∙∙∙∙∙∙▒ ▒▒∙∙∙∙∙
▒▒∙∙∙∙∙∙∙∙∙∙∙∙∙∙∙∙∙∙∙▒▒ ▒▒∙∙∙∙
▒P∙∙∙∙∙∙∙∙∙∙∙∙l∙∙∙∙∙∙▒▒▒▒▒▒▒∙∙∙∙
▒▒∙∙∙∙∙∙∙∙∙∙∙∙Yf∙∙∙∙∙▒∙▒∙▒∙▒∙∙∙∙
▒∙∙∙∙∙∙∙∙∙∙∙∙∙∙∙∙∙∙∙∙∙∙∙∙∙∙∙∙∙∙
▒∙∙∙∙∙∙∙∙∙∙∙∙∙∙∙∙∙∙▒▒▒▒▒∙▒P▒▒▒∙
▒▒∙∙∙∙∙∙∙)∙∙∙∙∙∙∙∙∙▒ ▒∙▒▒▒ ▒▒
▒∙▒∙∙[∙∙∙∙∙∙∙∙∙∙∙∙▒▒ ▒▒▒ ▒∙
▒▒▒▒∙∙∙∙∙∙∙∙∙∙∙∙∙▒▒ ▒▒
▒∙∙∙∙∙∙∙∙∙∙∙∙∙▒▒ ▒
▒∙▒▒∙▒∙∙∙∙∙∙▒▒▒ ▒ ▒▒▒▒▒▒▒▒∙▒▒▒▒
▒


You could see an elephant (extremely poisoned) and a komodo dragon (extremely
poisoned).

Vanquished Creatures
  Fannar (Lair:3)
  A wizard (D:10)
  A deep elf pyromancer (D:10)
  A cyclops (D:7)
  Maurice (D:8)
  Joseph (D:7)
  A black mamba (Lair:1)
  6 cane toads
  6 komodo dragons
  A rime drake (Lair:2)
  A polar bear (Lair:2)
  A meliai zombie (D:10)
  9 blink frogs (Lair:2)
  A hornet (D:10)
  A shadow (D:9)
  2 wyverns
  5 basilisks
  4 yaks
  A steam dragon (Lair:3)
  2 nagas (Lair:2)
  Duvessa (D:7)
  8 water moccasins
  A black bear (Lair:1)
  2 sky beasts
  2 orc warriors
  A phantom (D:5)
  15 wolves
  A centaur (D:9)
  Blork the orc (D:6)
  A kobold brigand (D:8)
  6 bullfrogs
  4 gnoll sergeants (D:5)
  4 scorpions
  Dowan (D:7)
  3 wights
  2 howler monkeys
  A bullfrog zombie (D:6)
  A centaur zombie (D:9)
  5 jellies
  7 orc priests
  A bullfrog skeleton (D:5)
  9 hounds
  2 gnoll shamans (D:5)
  9 orc wizards
  4 hell rats (Lair:3)
  3 hound skeletons
  3 adders
  24 gnolls (D:5)
  2 ufetubi
  3 worms
  A dart slug (D:5)
  30 orcs
  7 ball pythons
  5 bats
  5 endoplasms
  5 giant cockroaches
  5 goblins
  7 hobgoblins
  4 jackals (D:5)
  3 quokkas
  2 frilled lizards
  7 kobolds
  4 rats
259 creatures vanquished.

Vanquished Creatures (others)
  An orc (D:3)
  12 fungi
  17 plants
30 creatures vanquished.

Grand Total: 289 creatures vanquished

Notes
Turn   | Place    | Note
-------+----------+-------------------------------------------
     0 | D:1      | Zeor the Vine Stalker Venom Mage began the quest for the
                  | Orb.
     0 | D:1      | Reached XP level 1. HP: 9/9 MP: 4/4
   243 | D:1      | Reached XP level 2. HP: 11/14 MP: 1/6
   460 | D:1      | Found Vorresec's General Store.
   498 | D:1      | Learned a level 2 spell: Poisonous Vapours
   772 | D:1      | Found Huif's Distillery.
   924 | D:1      | Found Inaif's Antique Weapon Boutique.
   970 | D:1      | Reached XP level 3. HP: 17/17 MP: 5/7
  1596 | D:2      | Found a faded altar of an unknown god.
  2336 | D:2      | Gained mutation: Your natural rate of healing is unusually
                  | fast. [Vine Stalker growth]
  2336 | D:2      | Reached XP level 4. HP: 19/21 MP: 5/9
  2347 | D:2      | Learned a level 3 spell: Mephitic Cloud
  2869 | D:3      | Found a transporter.
  2889 | D:3      | Found Gezedgho's Assorted Antiques.
  2905 | D:3      | Bought a scroll labelled FAKUCAXAIPS for 28 gold pieces
  2905 | D:3      | Bought a scroll labelled BUREILO UPLE for 28 gold pieces
  3043 | D:3      | Reached XP level 5. HP: 25/25 MP: 9/11
  3055 | D:3      | Reached skill level 1 in Fighting
  3231 | D:3      | Found a transporter.
  3731 | D:4      | Reached skill level 1 in Short Blades
  3736 | D:4      | Learned a level 4 spell: Olgreb's Toxic Radiance
  4055 | D:4      | Found a staircase to the Ecumenical Temple.
  4062 | Temple   | Entered the Ecumenical Temple
  4174 | Temple   | Became a worshipper of the Wu Jian Council
  4255 | D:4      | Reached XP level 6. HP: 14/30 MP: 8/12
  4777 | D:5      | Entered Level 5 of the Dungeon
  4830 | D:5      | Reached XP level 7. HP: 34/34 MP: 4/14
  4861 | D:5      | Reached * piety under Wu Jian
  5239 | D:5      | Reached skill level 5 in Spellcasting
  5323 | D:5      | Reached skill level 1 in Air Magic
  5419 | D:5      | Gained mutation: You have razor-sharp teeth. [Vine Stalker
                  | growth]
  5419 | D:5      | Reached XP level 8. HP: 39/39 MP: 9/16
  5446 | D:5      | Reached skill level 5 in Poison Magic
  5642 | D:5      | Reached ** piety under Wu Jian
  5976 | D:1      | Bought a potion of curing for 39 gold pieces
  6026 | D:1      | Bought a potion of might for 52 gold pieces
  6026 | D:1      | Bought a potion of brilliance for 52 gold pieces
  6026 | D:1      | Bought a potion of curing for 39 gold pieces
  6205 | D:5      | Found Biugg's Assorted Antiques.
  6209 | D:5      | Found Omuokh's Weapon Boutique.
  6210 | D:5      | Found Teti's Jewellery Boutique.
  6212 | D:5      | Found Atte's Armour Boutique.
  6629 | D:6      | Noticed Blork the orc
  6652 | D:6      | Killed Blork the orc
  6653 | D:6      | Reached skill level 5 in Stealth
  6861 | D:6      | Found a runed translucent door.
  6862 | D:6      | Noticed Crazy Yiuf
  7018 | D:6      | Reached XP level 9. HP: 44/44 MP: 17/19
  7707 | D:7      | Noticed Joseph
  7721 | D:7      | Found a runed translucent door.
  7721 | D:7      | Noticed Zeor's ghost (novice GrVM)
  7736 | D:7      | Killed Joseph
  7787 | D:7      | You fall into a shaft and drop 1 floor!
  7787 | D:8      | Found Omuritiu's Distillery.
  7798 | D:8      | Reached skill level 1 in Conjurations
  7901 | D:8      | Bought a potion of magic for 96 gold pieces
  7977 | D:7      | Found a hide-covered altar of Uskayaw.
  8310 | D:7      | Noticed Duvessa
  8311 | D:7      | Noticed Dowan
  8320 | D:7      | Killed Duvessa
  8327 | D:7      | Killed Dowan
  8509 | D:7      | Noticed a cyclops
  8721 | D:7      | Killed a cyclops
  8722 | D:7      | Reached XP level 10. HP: 40/51 MP: 15/22
  8970 | D:8      | Noticed Maurice
  8982 | D:8      | Killed Maurice
  9832 | D:9      | Found a staircase to the Lair.
  9855 | D:9      | Reached *** piety under Wu Jian
 10436 | D:10     | Entered Level 10 of the Dungeon
 10440 | D:10     | Noticed a two-headed ogre
 10460 | D:10     | HP: 2/51 [two-headed ogre/+0 giant spiked club (7)]
 10975 | D:10     | Noticed a deep elf pyromancer
 10977 | D:10     | Noticed a deep elf pyromancer
 10980 | D:10     | Killed a deep elf pyromancer
 10981 | D:10     | Reached skill level 5 in Fighting
 10982 | D:10     | Noticed a wizard
 11005 | D:10     | Killed a wizard
 11006 | D:10     | Reached XP level 11. HP: 56/56 MP: 1/25
 11137 | D:10     | Got Ts'ui Pên's Almanac of Forking Paths
 11142 | D:10     | Learned a level 3 spell: Confusing Touch
 11148 | D:10     | Got Saculau's Handbook of Dhcmrlchtdj
 11153 | D:10     | Learned a level 3 spell: Dazzling Flash
 11154 | D:10     | Noticed a two-headed ogre
 11155 | D:10     | Noticed a deep elf zephyrmancer
 11280 | Lair:1   | Entered Level 1 of the Lair of Beasts
 11355 | Lair:1   | Noticed a five-headed hydra
 11976 | Lair:1   | Noticed a six-headed hydra
 12302 | Lair:1   | HP: 2/56 [six-headed hydra (6)]
 12472 | Lair:2   | Reached skill level 5 in Short Blades
 12472 | Lair:2   | Reached skill level 1 in Hexes
 12541 | Lair:2   | Found a staircase to the Snake Pit.
 12741 | Lair:2   | Reached skill level 10 in Spellcasting
 12832 | Lair:2   | Reached skill level 10 in Stealth
 12840 | Lair:2   | Reached **** piety under Wu Jian
 12966 | Lair:2   | Reached skill level 5 in Dodging
 12966 | Lair:2   | Reached XP level 12. HP: 61/61 MP: 22/27
 13699 | Lair:3   | Noticed Fannar
 13705 | Lair:3   | Killed Fannar
 13752 | Lair:3   | Found a runed translucent door.
 13762 | Lair:3   | Noticed Feulaj's ghost (journeyman MiBe)
 13872 | Lair:3   | Noticed a death yak
 13872 | Lair:3   | Noticed a death yak
 13899 | Lair:3   | Noticed a death yak
 13901 | Lair:2   | Slain by a komodo dragon

Illustrated notes

Levels and vault maps discovered:
D:1:      dpeg_arrival_pond, layout_basic, serial_shops, shop,
          nicolae_square_shop, shop, minmay_pentomino_u4
D:2:      layout_loops_corners, hellmonk_ecumenical_altar_slurped_away
D:3:      gammafunk_steamed_eel, layout_loops_corners, serial_shops, shop
D:4:      layout_cave_pods, minmay_temple_entry_wispy
D:5:      layout_cave_pools, serial_gnoll_camp, gnoll_camp_medium_01,
          gnoll_camp_mini_loothouse, gnoll_camp_huts_moat,
          gnoll_camp_mini_basic, minmay_misc_feat_x, minmay_shop_grid_forest
D:6:      layout_basic, uniq_crazy_yiuf_cottage, uniq_blork_the_orc
D:7:      layout_basic, nicolae_uskayaw_murder_on_the_dancefloor,
          hellmonk_ghost_happy_afterlife, uniq_joseph, uniq_duvessa
D:8:      layout_basic, serial_shops, shop_fountains, lemuel_flamethrower_1,
          uniq_maurice
D:9:      layout_stronghold, david_lair_generic
D:10:     layout_roguey, roderic_three_in_a_row, bh_hangedman_babel_library
Temple:   mainiacjoe_temple_archimedes_tessellation
Lair:1:   layout_cave_pods, serial_bayou_shore_a, grunt_megastairs_1
Lair:2:   layout_cave_pods, guppyfry_snake_entry_garden
Lair:3:   layout_regular_city, ebering_ghost_inner_flame, serial_bayou_shore_b,
          uniq_fannar

Skill      XL: |  1  2  3  4  5  6  7  8  9 10 11 |
---------------+----------------------------------+-----
Spellcasting   | 3 4 5 6 7 9 10 | 10.6
Stealth        | 3 4 5 7 8 10 | 10.5
Fighting       | 1 2 3 4 5 6 |  6.4
Short Blades   | 1 2 3 4 5 |  5.8
Poison Magic   | 4 6 7 8 |  8.9
Transmutations | 2 |  2.8
Dodging        | 2 4 5 |  5.3
Air Magic      | 1 2 3 |  3.4
Conjurations   | 1 |  1.5
Hexes          | 1 |  1.2
Throwing       | |  0.4

Action                   |  1- 3 |  4- 6 |  7- 9 | 10-12 || total
-------------------------+-------+-------+-------+-------++-------
Melee: Unarmed           |    14 |       |       |       ||    14
       Bite              |    13 |    25 |    85 |   151 ||   274
       Punch             |     1 |       |     6 |     6 ||    13
       Dagger            |    42 |    41 |   208 |     6 ||   297
       Short sword       |       |    35 |       |       ||    35
       Rapier            |       |       |     6 |   336 ||   342
Throw: Throwing net      |       |       |     7 |       ||     7
 Cast: Sting             |    37 |    26 |    50 |    20 ||   133
       Poisonous Vapours |     5 |     9 |    10 |    17 ||    41
       Olgreb's Toxic Ra |       |     2 |    13 |    34 ||    49
       Mephitic Cloud    |       |       |    13 |    14 ||    27
       Confusing Touch   |       |       |       |    12 ||    12
Invok: Lunge             |       |     3 |    27 |    45 ||    75
       Whirlwind         |       |       |    17 |    22 ||    39
       Serpent's Lash    |       |       |       |     1 ||     1
 Abil: Wall Jump         |       |       |     5 |    12 ||    17
  Use: Scroll            |     5 |     8 |     5 |     9 ||    27
       Potion            |       |     1 |       |       ||     1
 Stab: Sleeping          |     2 |     7 |    14 |    17 ||    40
       Invisible         |       |     1 |       |       ||     1
       Held in net/web   |       |       |     2 |       ||     2
       Confused          |       |       |     5 |    18 ||    23
       Distracted        |       |       |     1 |     2 ||     3
Armor: Robe              |    14 |    30 |    78 |   151 ||   273
Dodge: Dodged            |    43 |    47 |    86 |   200 ||   376
